 Dungeon Crawl Stone Soup version 0.30-a0-924-g0ad0bf95bc (webtiles) character file.

Game seed: 2548695059278209594

13 lunkers the Digger (level 2, 0/20 HPs)
             Began as a Meteoran Earth Elementalist on Mar 22, 2023.
             Slain by a quokka (3 damage)
             ... on level 1 of the Dungeon.
             The game lasted 00:00:56 (116 turns).

lunkers the Digger (Meteoran Earth Elementalist)     Turns: 116, Time: 00:00:57

Health: 0/20       AC:  2    Str:  9    XL:     2   Next: 70%
Magic:  1/7        EV: 12    Int: 16    God:
Gold:   5          SH:  0    Dex: 14    Spells: 6/7 levels left

rFire   . . .      SeeInvis .    (no weapon)
rCold   . . .      Faith    .    (no shield)
rNeg    . . .      Spirit   .    a - +0 robe
rPois   .          Reflect  .    (no helmet)
rElec   .          Rampage  .    (no cloak)
rCorr   .                        (no gloves)
Will    .....                    (no boots)
Stlth   +                        (no amulet)
HPRegen 0.23/turn                (no ring)
MPRegen 0.10/turn                (no ring)

@: glowing
A: sense surroundings 1, otherworldly, glowing, explore regen
a: no special abilities


You were on level 1 of the Dungeon.
You visited 1 branch of the dungeon, and saw 1 of its levels.

You collected 5 gold pieces.

Inventory:

Armour
 a - a +0 robe (worn)
Scrolls
 c - 2 scrolls of identify {unknown}
Potions
 b - a potion of magic


   Skills:
 - Level 2.4 Dodging
 - Level 1.4 Stealth
 + Level 3.1 Spellcasting
 - Level 1.2 Transmutations
 * Level 4.2 Earth Magic


You had 6 spell levels left.
You knew the following spells:

 Your Spells              Type           Power      Damage    Failure   Level
a - Sandblast             Erth           32%        2d9       3%          1

Your spell library contained the following spells:

 Spells                   Type           Power      Damage    Failure   Level
 Passwall                 Tmut/Erth      9%         N/A       9%          2
 Stone Arrow              Conj/Erth      18%        3d8       22%         3
 Petrify                  Tmut/Erth      11%        N/A       52%         4


Dungeon Overview and Level Annotations

Branches:
Dungeon (1/15) Zot: 478

Altars:


Innate Abilities, Weirdness & Mutations

You passively map a small area around you.
You are easily found by Zot.
You glow in the dark.
You regain HP and MP as you explore.


Message History

Confirm with . or Enter, or press ? or * to list all spells.
The blast of sand hits the hobgoblin!
You kill the hobgoblin!
Casting: Sandblast (safe; 3% risk of failure)
Confirm with . or Enter, or press ? or * to list all spells.
The blast of sand hits the endoplasm!
You kill the endoplasm!
* * * LOW MAGIC WARNING * * *
A quokka comes into view.
Found a mace.
Found a mace.
Casting: Sandblast (safe; 3% risk of failure)
Confirm with . or Enter, or press ? or * to list all spells.
The blast of sand misses the quokka.
* * * LOW MAGIC WARNING * * *
Casting: Sandblast (safe; 3% risk of failure)
Confirm with . or Enter, or press ? or * to list all spells.
The blast of sand hits the quokka but does no damage.
* * * LOW MAGIC WARNING * * *
The quokka bites you but does no damage.
The quokka bites you.
Unknown command.
You hit the quokka.
The quokka is lightly wounded.
The quokka bites you but does no damage.
You completely miss the quokka.
The quokka is lightly wounded.
The quokka bites you.
You hit the quokka but do no damage.
The quokka is lightly wounded.
The quokka bites you.
* * * LOW HITPOINT WARNING * * *
The quokka bites you.
* * * LOW HITPOINT WARNING * * *
The quokka attacks as you move away! The quokka bites you.
* * * LOW HITPOINT WARNING * * *
The quokka bites you.
* * * LOW HITPOINT WARNING * * *
The quokka attacks as you move away! The quokka bites you.
You die...

, #......... ***
#..........# ,
#..).......##
#####.######....#*
,
,#........###..).#
,#.....##..##....#
*
,#....^###.##....#
* * , #.†r..#
#..#....# , ,
#..@..# ##.'....#**
** #.....# ###....#
#.....# ###..##
#.....# ##..#
#.....# ##.### *
####### #.... ,
########### ***
##### *
#####..........
####* #
###.......#######.,
....###


You could see a quokka.

Vanquished Creatures
  A dart slug (D:1)
  A ball python (D:1)
  An endoplasm (D:1)
  A goblin (D:1)
  2 hobgoblins (D:1)
  2 jackals (D:1)
  A rat (D:1)
9 creatures vanquished.

Notes
Turn   | Place    | Note
-------+----------+-------------------------------------------
     0 | D:1      | lunkers the Meteoran Earth Elementalist began the quest for
                  | the Orb.
     0 | D:1      | Reached XP level 1. HP: 14/14 MP: 5/5
    81 | D:1      | Reached XP level 2. HP: 20/20 MP: 4/6
    83 | D:1      | Reached skill level 4 in Earth Magic
   116 | D:1      | Slain by a quokka

Illustrated notes

Levels and vault maps discovered:
D:1:      dpeg_arrival_oval, layout_basic

Skill      XL: |  1  2 |
---------------+-------+-----
Earth Magic    | 4 |  4.2
Spellcasting   | 3 |  3.1
Dodging        | |  2.4
Stealth        | |  1.4
Transmutations | |  1.2

Action                     || total
---------------------------++-------
  Melee: Unarmed           ||     3
   Cast: Sandblast         ||    12
 Armour: Robe              ||     2

Table legend: (Time is in decaauts)
 A = Elapsed time spent in this place.
 B = Non-inter-level travel time spent in this place.
 C = Inter-level travel time spent in this place.
 D = Time resting spent in this place.
 E = Time spent auto-exploring this place.
 F = Levels seen in this place.
 G = Mean time per level.
                   A        B        C        D        E       F      G
               +--------+--------+--------+--------+--------+-----+--------+
         Total |    122 |    122 |      0 |      0 |     78 |   1 |  122.0 |
       Dungeon |    122 |    122 |      0 |      0 |     78 |   1 |  122.0 |
               +--------+--------+--------+--------+--------+-----+--------+

Top non-repeatable levels by time:
     D:1: 122 daAuts
